 Dungeon Sprint DCSS version 0.26-a0-1164-g1a551d6a14 (webtiles) character file.

Game seed: 9248146874573237620

273 rocky1 the Geomancer (level 6, 38/38 HPs)
             Began as a Gargoyle Earth Elementalist on Dec 24, 2020.
             Was a Believer of Sif Muna.
             Quit the game in the Dungeon (Sprint IX: "|||||||||||||||||||||||||||||").
             The game lasted 00:05:03 (373 turns).

rocky1 the Geomancer (Gargoyle Earth Elementalist)   Turns: 373, Time: 00:05:04

Health: 38/38      AC:  9    Str: 14    XL:     6   Next: 23%
Magic:  12/12      EV: 13    Int: 21    God:    Sif Muna [**....]
Gold:   0          SH:  0    Dex: 10    Spells: 4/13 levels left

rFire    . . .     SeeInvis .   n - +2 dire flail (vorpal)
rCold    . . .     Faith    .   (shield currently unavailable)
rNeg     + . .     Spirit   .   c - +0 robe
rPois    ∞         Reflect  .   (no helmet)
rElec    +         Harm     .   q - +0 cloak
rCorr    .         Rampage  .   r - +0 pair of gloves
Will     .....     NoTele   +   (no boots)
Stlth    ++........             (no amulet)
HPRegen  0.12/turn              t - +3 ring of intelligence
MPRegen  0.13/turn              u - +3 ring of strength

@: no status effects
A: negative energy resistance 1, electricity resistance, unbreathing,
petrification resistance, miasma immunity, AC +4
a: Renounce Religion, Channel Magic


You were in the Dungeon.
You worshipped Sif Muna.
Sif Muna was pleased with you.
You visited 1 branch

Inventory:

Hand Weapons
 n - a +2 vorpal dire flail (weapon)
 o - a +2 scimitar of flaming
 p - a +3 war axe of freezing
Missiles
 b - 17 stones (quivered)
Armour
 c - a +0 robe (worn)
 q - a +0 cloak (worn)
 r - a +0 pair of gloves (worn)
 s - a +1 scale mail
Jewellery
 t - a +3 ring of intelligence (left hand)
 u - a +3 ring of strength (right hand)
Wands
 m - a wand of iceblast (10)
Scrolls
 i - 2 scrolls of blinking
 k - 3 scrolls of remove curse
 l - 2 scrolls of amnesia
Potions
 d - 5 potions of curing
 e - 2 potions of heal wounds
 f - a potion of haste
 g - 4 potions of magic
 j - a potion of invisibility


   Skills:
 - Level 4.1 Fighting
 - Level 3.5 Maces & Flails
 - Level 3.8 Armour
 - Level 3.5 Dodging
 - Level 2.1 Stealth
 - Level 1.2 Unarmed Combat
 + Level 4.0 Spellcasting
 + Level 3.8 Conjurations
 - Level 0.7 Transmutations
 + Level 9.1 Earth Magic
 + Level 4.1 Invocations


You had 4 spell levels left.
You knew the following spells:

 Your Spells              Type           Power        Failure   Level
a - Sandblast             Erth           84%          1%          1
b - Stone Arrow           Conj/Erth      62%          2%          3
c - Lee's Rapid Deconstr  Erth           21%          8%          5

Your spell library contained the following spells:

 Spells                   Type           Power        Failure   Level
 Passwall                 Tmut/Erth      20%          2%          2
 Petrify                  Tmut/Erth      25%          16%         4


Dungeon Overview and Level Annotations

Branches:
Dungeon (1/1)

Altars:
Cheibriados
Dithmenos
Elyvilon
Fedhas
Gozag
Hepliaklqana
Kikubaaqudgha
Makhleb
Nemelex Xobeh
Okawaru
Qazlal
Ru
Sif Muna
Trog
Uskayaw
Vehumet
Wu Jian
Xom
Yredelemnul
Zin
The Shining One
Beogh
Jiyva
Lugonu


Innate Abilities, Weirdness & Mutations

You are resistant to torment.
Your stone body is resilient. (AC +4)
You are immune to poison.
You resist negative energy. (rN+)
You are resistant to electric shocks. (rElec)
You can survive without breathing.
You are immune to petrification.
You are immune to miasma.


Message History

You start resting.
Magic restored.
You start resting.
HP restored.
This spell is quite dangerous to cast!
Memorise Lee's Rapid Deconstruction, consuming 5 spell levels and leaving 4?
You start memorising the spell.
You continue memorising. x5
You finish memorising.
Spell assigned to 'c'.
You open the door.
A hound, a bullfrog, 2 slime creatures, a troll and a shadow come into view.
Unknown command.
Casting: Sandblast (safe; 1% risk of failure)
Confirm with . or Enter, or press ? or * to list all spells.
The spell is quite dangerous to cast (8% risk of failure)!
Continue anyway?
Aiming: Lee's Rapid Deconstruction (quite dangerous; 8% risk of failure)
Press: ? - help, Dir - move target You cannot affect that.
An unnaturally hard rock wall.
Okay, then.
Unknown command.
Are you sure you want to abandon this character and quit the game? (Confirm with "yes".) ▓▓▓▓▓▓▓▓▓▓▓▓▓▓▓▓▓▓▓▓▓▓▓▓ TWhJFJ'@.....)......)..' ▓▓▓▓▓▓▓▓▓▓▓▓▓▓▓▓▓▓▓▓▓▓▓▓

You could see 2 slime creatures, a troll (asleep), a shadow (dormant), a bullfrog (asleep) and a hound (asleep).

Vanquished Creatures
  A water moccasin (D)
  A big kobold (D)
  A scorpion (D)
  A gnoll (D)
  2 adders (D)
  A shadow imp (D)
  A worm (D)
  A bat skeleton (D)
  A goblin (D)
  2 hobgoblins (D)
  A jackal (D)
  A jackal skeleton (D)
  2 rats (D)
16 creatures vanquished.

Notes
Turn   | Place    | Note
-------+----------+-------------------------------------------
     0 | D        | rocky1 the Gargoyle Earth Elementalist began the quest for
                  | the Orb.
     0 | D        | Reached XP level 1. HP: 10/10 MP: 3/3
    13 | D        | Reached skill level 4 in Earth Magic
    19 | D        | Reached skill level 5 in Earth Magic
    75 | D        | Reached XP level 2. HP: 15/15 MP: 5/5
    79 | D        | Reached skill level 6 in Earth Magic
    80 | D        | Reached skill level 1 in Unarmed Combat
    80 | D        | Reached skill level 7 in Earth Magic
    81 | D        | Reached XP level 3. HP: 19/19 MP: 1/6
   128 | D        | Found a roughly hewn altar of Beogh.
   128 | D        | Found a snail-covered altar of Cheibriados.
   128 | D        | Found a shadowy altar of Dithmenos.
   128 | D        | Found a white marble altar of Elyvilon.
   128 | D        | Found a blossoming altar of Fedhas.
   128 | D        | Found an opulent altar of Gozag.
   129 | D        | Found a hazy altar of Hepliaklqana.
   130 | D        | Found a viscous altar of Jiyva.
   131 | D        | Found an ancient bone altar of Kikubaaqudgha.
   132 | D        | Found a corrupted altar of Lugonu.
   133 | D        | Found a burning altar of Makhleb.
   134 | D        | Found a sparkling altar of Nemelex Xobeh.
   135 | D        | Found an iron altar of Okawaru.
   136 | D        | Found a stormy altar of Qazlal.
   137 | D        | Found a sacrificial altar of Ru.
   138 | D        | Found a shimmering blue altar of Sif Muna.
   139 | D        | Found a bloodstained altar of Trog.
   140 | D        | Found a hide-covered altar of Uskayaw.
   141 | D        | Found a radiant altar of Vehumet.
   142 | D        | Found an ornate altar of the Wu Jian Council.
   143 | D        | Found a shimmering altar of Xom.
   144 | D        | Found a basalt altar of Yredelemnul.
   145 | D        | Found a glowing silver altar of Zin.
   146 | D        | Found a glowing golden altar of the Shining One.
   154 | D        | Became a worshipper of Sif Muna the Loreminder
   190 | D        | Learned a level 3 spell: Stone Arrow
   190 | D        | Noticed a big kobold
   190 | D        | Noticed a water moccasin
   190 | D        | Noticed a scorpion
   193 | D        | Killed a scorpion
   194 | D        | Reached skill level 1 in Fighting
   194 | D        | Reached skill level 1 in Maces & Flails
   194 | D        | Reached skill level 1 in Armour
   194 | D        | Reached skill level 1 in Conjurations
   194 | D        | Reached skill level 8 in Earth Magic
   194 | D        | Reached XP level 4. HP: 25/25 MP: 7/7
   210 | D        | Killed a water moccasin
   211 | D        | Reached XP level 5. HP: 18/32 MP: 5/10
   212 | D        | Killed a big kobold
   212 | D        | Reached * piety under Sif Muna
   213 | D        | Reached skill level 9 in Earth Magic
   213 | D        | Reached XP level 6. HP: 22/38 MP: 3/11
   217 | D        | Reached ** piety under Sif Muna
   366 | D        | Learned a level 5 spell: Lee's Rapid Deconstruction
   372 | D        | Noticed a troll
   372 | D        | Noticed a shadow
   372 | D        | Noticed a slime creature
   372 | D        | Noticed a slime creature
   373 | D        | Quit the game

Illustrated notes

Levels and vault maps discovered:
D:        linesprint [early_d, line_temple, items_1, d_10, items_2, lair_1,
          lair_end, items_3, orc_1, orc_end, items_4, d_15, swamp_1, shoals_1,
          snake_1, spider_1, d_20, vaults_1, items_5, swamp_end, shoals_end,
          snake_end, spider_end, vaults_end, d_27, items_6, zot_1, zot_end,
          crypt_end, forest_end, elf_end, slime_end, tomb_end, abyss_end,
          pan_hell_end]

Skill      XL: |  1  2  3  4  5  6 |
---------------+-------------------+-----
Earth Magic    | 5 7 8 9 |  9.1
Unarmed Combat | 1 |  1.2
Fighting       | 1 3 4 |  4.1
Maces & Flails | 1 3 |  3.5
Armour         | 1 3 |  3.8
Dodging        | 2 3 |  3.5
Conjurations   | 1 3 |  3.8
Invocations    | 2 3 4 |  4.1
Spellcasting   | 3 4 |  4.0
Stealth        | |  2.1
Transmutations | |  0.7

Action                   |  1- 3 |  4- 6 || total
-------------------------+-------+-------++-------
Melee: Unarmed           |    17 |       ||    17
       Club              |    10 |       ||    10
       Dire flail        |     2 |    15 ||    17
 Cast: Sandblast         |     7 |     8 ||    15
  Use: Potion            |     1 |     1 ||     2
 Stab: Distracted        |     1 |       ||     1
Armor: Robe              |    12 |     5 ||    17
Dodge: Dodged            |    18 |    13 ||    31

Table legend: (Time is in decaauts)
 A = Elapsed time spent in this place.
 B = Non-inter-level travel time spent in this place.
 C = Inter-level travel time spent in this place.
 D = Time resting spent in this place.
 E = Time spent auto-exploring this place.
 F = Levels seen in this place.
 G = Mean time per level.
                   A        B        C        D        E       F      G
               +--------+--------+--------+--------+--------+-----+--------+
         Total |    383 |    383 |      0 |    193 |      0 |   1 |  383.0 |
       Dungeon |    383 |    383 |      0 |    193 |      0 |   1 |  383.0 |
               +--------+--------+--------+--------+--------+-----+--------+

Top non-repeatable levels by time:
       D: 383 daAuts
